 Dungeon Crawl Stone Soup version 0.19-a0-1920-g83281cb (webtiles) character file.

180824 Esekla the Basher (level 17, -1/128 HPs)
             Began as a Demonspawn Skald on Oct 23, 2016.
             Was the Champion of Makhleb.
             Slain by a salamander
             ... wielding a +2 trident
              (10 damage)
             ... on level 4 of the Snake Pit on Oct 24, 2016.
             The game lasted 12:53:00 (36070 turns).

Esekla the Basher (Demonspawn Skald)               Turns: 36070, Time: 12:53:01

Health: -1/128     AC: 22    Str: 15    XL:     17   Next: 65%
Magic:  0/29       EV: 15    Int: 18    God:    Makhleb [******]
Gold:   1701       SH: 12    Dex: 21    Spells: 11 memorised, 5 levels left

rFire  + + .     SeeInvis +     w - +9 war axe (freeze)
rCold  + . .     Gourm    .     t - +5 ring mail {MR+}
rNeg   . . .     Faith    .     s - +0 buckler "Zuegaah" {rPois rF+}
rPois  +         Spirit   +     N - +2 helmet {SInv}
rElec  .         Reflect  +     j - +0 cloak "Baihytash" {Dex+3}
rCorr  .         Harm     .     T - +1 pair of gloves {Dex+3}
MR     +++..                    (no boots)
Stlth  ++........               d - +5 amulet of reflection
                                M - ring "Tywib" {Slay+6 Stlth+}
                                a - ring of Otetunt {rF+ MR+}

@: lethally poisoned (-1 -> -2)
A: claws 2, icy blue scales 3, agile 1, mutation resistance 1, robust 1, spiny
2, magic shield, magic regeneration
a: Minor Destruction, Lesser Servant of Makhleb, Major Destruction, Greater
Servant of Makhleb, Renounce Religion


You were on level 4 of the Snake Pit.
You worshipped Makhleb.
Makhleb was exalted by your worship.
You were full.

You visited 6 branches of the dungeon, and saw 28 of its levels.
You also visited: Labyrinth.

You collected 3033 gold pieces.
You spent 1332 gold pieces at shops.

Inventory:

Hand Weapons
 g - a +4 vampiric dagger
 w - a +9 war axe of freezing (weapon)
 C - the +8 mace "Hecy" {crush, Str+7}
   (You found it on level 8 of the Dungeon)

   It inflicts extra damage upon your enemies.
   It affects your strength (+7).
Missiles
 y - 20 tomahawks
 V - 6 javelins (quivered)
Armour
 h - a +2 leather armour of fire resistance
 j - the +0 cloak "Baihytash" (worn) {Dex+3}
   (You bought it in a shop on level 4 of the Snake Pit)

   It affects your dexterity (+3).
 s - the +0 buckler "Zuegaah" (worn) {rPois rF+}
   (You acquired it on level 2 of the Lair of Beasts)

   It protects you from fire.
   It protects you from poison.
 t - a +5 ring mail of magic resistance (worn)
 G - a +1 robe of resistance
 N - a +2 helmet of see invisible (worn)
 T - a +1 pair of gloves of dexterity (worn)
Magical Staves
 b - an uncursed staff of wizardry
Jewellery
 a - the ring of Otetunt (left hand) {rF+ MR+}
   (You found it in a labyrinth)

   [ring of protection from magic]

   It protects you from fire.
   It affects your resistance to hostile enchantments.
 d - a +5 amulet of reflection (around neck)
 o - an uncursed amulet of the gourmand
 x - a +3 ring of intelligence
 H - an uncursed ring of poison resistance
 M - the ring "Tywib" (right hand) {Slay+6 Stlth+}
   (You acquired it on level 2 of the Lair of Beasts)

   [ring of stealth]

   It affects your accuracy and damage with ranged weapons and melee attacks
   (+6).
   It makes you more stealthy.
 Q - an uncursed amulet of magic regeneration
 R - a +3 ring of protection
 Y - a ring of the Octopus King {MP+9 AC+1 EV+1 Str+1 Int+1 Dex+1}
   (You found it on level 5 of the Lair of Beasts)

   [ring of magical power]

   It affects your AC (+1).
   It affects your evasion (+1).
   It affects your strength (+1).
   It affects your intelligence (+1).
   It affects your dexterity (+1).
   It affects your magic capacity (+9).
Wands
 e - a wand of confusion (22/48)
 p - a wand of iceblast (5/15)
 r - a wand of teleportation (5/9)
 u - a wand of disintegration (5/24)
 A - a wand of confusion (20/48)
 D - a wand of digging (10/24)
 U - a wand of paralysis (4/24)
Scrolls
 f - 2 scrolls of teleportation
 i - 8 scrolls of remove curse
 l - 4 scrolls of blinking
 n - 7 scrolls of fear
 v - 4 scrolls of identify
 Z - 2 scrolls of recharging
Potions
 c - 2 potions of haste
 k - 3 potions of cancellation
 m - a potion of cure mutation
 q - a potion of agility
 z - 6 potions of flight
 E - 4 potions of resistance
 F - a potion of might
 I - 4 potions of brilliance
 J - a potion of invisibility
 O - 3 potions of lignification
 P - 5 potions of ambrosia
 W - 4 potions of heal wounds
 X - 2 potions of curing
Comestibles
 S - 4 meat rations


   Skills:
 - Level 6.0 Fighting
 - Level 8.9(9.0) Short Blades
   Level 2.0(6.0) Long Blades
 - Level 11.6(14.3) Axes
 - Level 14.0(15.4) Maces & Flails
 - Level 3.0 Throwing
 - Level 7.0 Armour
 - Level 6.0 Dodging
 - Level 8.0 Shields
 + Level 8.3 Spellcasting
 * Level 8.8 Conjurations
 - Level 5.0 Hexes
 - Level 3.7 Charms
 - Level 1.3 Translocations
 * Level 8.8 Fire Magic
 * Level 7.3 Air Magic
 - Level 4.3 Poison Magic
 - Level 4.0 Invocations
 * Level 4.5 Evocations


You had 5 spell levels left.
You knew the following spells:

 Your Spells              Type           Power        Failure   Level  Hunger
a - Slow                  Hex            ####....     3%          2    None
b - Shroud of Golubria    Chrm/Tloc      ###.......   12%         2    None
c - Song of Slaying       Chrm           ###.....     8%          2    None
d - Spectral Weapon       Hex/Chrm       ###.....     10%         3    None
e - Mephitic Cloud        Conj/Pois/Air  ####....     3%          3    None
f - Repel Missiles        Chrm/Air       ####..       2%          2    None
g - Magic Dart            Conj           ####         1%          1    None
h - Apportation           Tloc           ##........   12%         1    None
i - Conjure Flame         Conj/Fire      #####...     1%          3    None
j - Fireball              Conj/Fire      #####.....   14%         5    #####..
k - Static Discharge      Conj/Air       #####...     1%          3    None


Dungeon Overview and Level Annotations

Branches:
Dungeon (14/15)            Temple (1/1) D:4            Lair (6/6) D:8
  Swamp (0/4) Lair:3        Snake (4/4) Lair:4        Slime (0/5) Lair:6
    Orc (2/2) D:9             Elf (1/3) Orc:2        Vaults (0/5) D:14

Altars:
Ashenzari
Cheibriados
Fedhas
Kikubaaqudgha
Makhleb
Nemelex Xobeh
Qazlal
Sif Muna
Trog
Xom
Yredelemnul
Jiyva

Shops:
D:8 !   D:10 [   D:11 *   Orc:2 :([[   Snake:3 (   Snake:4 *[

Annotations:
Snake:4 Asterion


Innate Abilities, Weirdness & Mutations

You have very sharp fingernails.
You are completely covered in icy blue scales. (AC +4, rC+)
You are mostly covered in sharp spines.
When hurt, damage is shared between your health and your magic reserves.
You regenerate magic rapidly.
You are agile. (Dex +2)
You are somewhat resistant to further mutation.
You are robust. (+10% HP)


Message History

* * * LOW HITPOINT WARNING * * *
The shock serpent's electric aura discharges, shocking you!
Items here: $ ) [ †† a dagger of venom; a robe; 20 gold pieces; a naga corpse a guardian serpent corpse You feel much better.
The naga warrior hits you with a long sword.
The shock serpent is struck by your spines.
The shock serpent bites you!
* * * LOW HITPOINT WARNING * * *
The shock serpent shocks you!
* * * LOW HITPOINT WARNING * * *
The shock serpent's electric aura discharges, shocking you!
* * * LOW HITPOINT WARNING * * *
The salamander hits you with a glaive!
* * * LOW HITPOINT WARNING * * *
You are engulfed in flames.
You resist.
* * * LOW HITPOINT WARNING * * *
The salamander hits you from afar with an enchanted trident!
You die...

.......# .......# ##
##...## ..#.....##..
##.N...##
.....#.##...##.......##
###..###..............#
##...##...............###
....##.....##...NN...##%#
..###...##..##..NNN.##..#
..##...##....##S@NN##...#
..#.((##......##)N##....#
#.)).##........##.).....#
#(()(##........##.(.....#
.N#)..##......##.(##....#
..##...##....##((..##...#
#..##...##..##..((..##..#
.#####.....##...)....##φ#
## ##.........).....###


You could see 2 naga warriors, 2 naga sharpshooters, 2 salamanders, a shock
serpent and 3 nagas.

Vanquished Creatures
  Vashnia (Snake:4)
  Frances (D:13)
  6 nagarajas
  Louise (Snake:2)
  Snorg (D:9)
  A minotaur (Lab)
  A vault guard (D:14)
  A fire dragon (Lair:6)
  2 ogre magi (Orc:2)
  4 hydras
  19 naga warriors
  A catoblepas (Lair:6)
  A death knight (D:14)
  8 anacondas
  3 centaur warriors
  A dancing weapon (Orc:2)
  An orc high priest (D:9)
  25 naga sharpshooters
  8 shock serpents
  2 tengu warriors
  The ghost of WeeknightWizard the Cleaver, a novice MiBe of Trog (D:8)
  An unseen horror (D:12)
  5 salamander mystics
  2 deep trolls (Orc:1)
  3 lindwurms
  11 naga ritualists
  Pikel (D:4)
  8 hill giants
  A necromancer (D:14)
  A wolf spider (Lair:6)
  16 mana vipers
  2 orc knights (Orc:1)
  9 ugly things
  An oklob plant (Lair:5)
  An orc sorcerer (D:9)
  15 salamanders
  3 cyclopes
  3 manticores
  7 guardian serpents
  13 elephants
  40 black mambas
  Maurice (D:9)
  The ghost of westexas the Quickloader, a novice MiHu (D:6)
  6 torpor snails (Lair:6)
  19 naga magi
  A centaur zombie (D:14)
  2 molten gargoyles (Lair:5)
  A gargoyle (D:12)
  21 spiny frogs
  6 komodo dragons
  An efreet (D:14)
  A kobold demonologist (D:12)
  2 rime drakes
  2 tengu conjurers (D:13)
  A merfolk (D:9)
  15 trolls
  13 hornets
  3 meliai
  3 tyrant leeches (Lair:6)
  2 polar bears
  A minotaur skeleton (Lab)
  11 blink frogs (Lair:6)
  3 slime creatures
  6 two-headed ogres
  4 hippogriffs
  Prince Ribbit (D:7)
  Grinder (D:3)
  A centaur simulacrum (D:14)
  3 redbacks
  A shadow (D:14)
  A vampire (D:14)
  2 wraiths (D:14)
  2 basilisks
  7 fire bats (Lair:5)
  10 wyverns
  23 yaks
  A basilisk (shapeshifter) (D:14)
  6 hungry ghosts
  2 wargs
  4 vampire mosquitoes (D:12)
  4 insubstantial wisps (Lair:3)
  49 nagas
  2 mottled dragons
  14 water moccasins
  Duvessa (D:4)
  2 hell hounds
  20 orc warriors
  11 porcupines
  3 ice beasts
  A slave (D:2)
  2 sky beasts
  3 black bears
  4 phantoms
  29 ogres
  A necrophage (D:11)
  6 wolves (Lair:3)
  9 centaurs
  16 crocodiles
  14 bullfrogs
  2 big kobolds (D:8)
  A gnoll sergeant (D:7)
  3 wyvern zombies
  Dowan (D:4)
  6 scorpions
  9 killer bees (D:11)
  8 wights
  A howler monkey (D:4)
  An electric eel (Lair:3)
  9 crimson imps
  11 hounds
  2 quasits (D:9)
  2 bullfrog zombies
  5 jellies
  6 centaur skeletons
  18 orc priests
  A bullfrog skeleton (D:8)
  Natasha (twice) (D:3)
  2 iguanas
  23 orc wizards
  13 worker ants
  A hound skeleton (D:10)
  A worker ant zombie (D:10)
  15 gnolls
  23 adders
  2 river rats (Lair:6)
  3 shadow imps
  An adder skeleton (D:6)
  2 worms
  2 dart slugs
  5 leopard geckos
  82 orcs
  3 ball pythons
  4 bats
  5 giant cockroaches
  9 goblins
  2 hobgoblins
  8 jackals
  2 quokkas
  3 frilled lizards
  15 kobolds
  A leopard gecko skeleton (D:6)
  A quokka zombie (D:8)
  8 rats
  A butterfly (Lair:4)
  7 fungi
  5 plants (Lair:6)
  A spectral weapon (Orc:1)
952 creatures vanquished.

Vanquished Creatures (others)
  2 naga sharpshooters (Snake:4)
  2 salamander mystics (Snake:4)
  17 fungi
  42 plants
  11 spectral weapons
74 creatures vanquished.

Grand Total: 1026 creatures vanquished

Notes
Turn   | Place    | Note
-------+----------+-------------------------------------------
     0 | D:1      | Esekla the Demonspawn Skald began the quest for the Orb.
     0 | D:1      | Reached XP level 1. HP: 16/16 MP: 3/3
    97 | D:1      | Reached skill level 1 in Armour
   174 | D:1      | Reached skill level 1 in Dodging
   287 | D:1      | Gained mutation: You are partially covered in sharp spines. [demonic ancestry]
   287 | D:1      | Reached XP level 2. HP: 22/22 MP: 5/5
   533 | D:1      | Reached skill level 1 in Short Blades
   652 | D:1      | Learned a level 2 spell: Shroud of Golubria
   655 | D:1      | Learned a level 2 spell: Song of Slaying
   801 | D:2      | Reached skill level 1 in Translocations
   801 | D:2      | Gained mutation: You are partially covered in icy blue scales. (AC +2) [demonic ancestry]
   801 | D:2      | Reached XP level 3. HP: 22/27 MP: 0/6
  1140 | D:2      | Reached XP level 4. HP: 33/33 MP: 7/7
  1488 | D:3      | Found a bloodstained altar of Trog.
  1602 | D:3      | Found a blossoming altar of Fedhas.
  1674 | D:3      | Found a burning altar of Makhleb.
  1675 | D:3      | Found a shimmering altar of Xom.
  1703 | D:3      | Reached XP level 5. HP: 26/38 MP: 6/8
  1716 | D:3      | Became a worshipper of Makhleb the Destroyer
  1921 | D:3      | Found a stormy altar of Qazlal.
  1922 | D:3      | Noticed Natasha
  1931 | D:3      | Killed Natasha
  2056 | D:3      | Learned a level 3 spell: Spectral Weapon
  2095 | D:3      | Noticed an ogre
  2378 | D:2      | Learned a level 2 spell: Slow
  2525 | D:3      | Noticed Grinder
  2526 | D:3      | Paralysed by Grinder for 5 turns
  2621 | D:4      | Noticed Dowan
  2623 | D:4      | Noticed Duvessa
  2799 | D:3      | Reached XP level 6. HP: 41/44 MP: 8/10
  2868 | D:3      | Reached skill level 1 in Hexes
  2943 | D:4      | Noticed Natasha
  2957 | D:3      | Killed Natasha
  3097 | D:3      | Paralysed by Grinder for 4 turns
  3108 | D:3      | Killed Grinder
  3108 | D:3      | Reached XP level 7. HP: 31/50 MP: 2/11
  3113 | D:3      | Learned a level 3 spell: Mephitic Cloud
  3284 | D:4      | Killed Duvessa
  3289 | D:4      | Reached skill level 5 in Short Blades
  3289 | D:4      | Reached skill level 1 in Poison Magic
  3299 | D:4      | Found a basalt altar of Yredelemnul.
  3355 | D:3      | Reached skill level 1 in Conjurations
  3444 | D:4      | Killed Dowan
  3444 | D:4      | Reached skill level 1 in Air Magic
  3542 | D:4      | Reached * piety under Makhleb
  3941 | D:4      | Found a staircase to the Ecumenical Temple.
  3969 | Temple   | Entered the Ecumenical Temple
  4165 | D:4      | Noticed Pikel
  4200 | D:4      | Killed Pikel
  4200 | D:4      | Gained mutation: You are mostly covered in icy blue scales. (AC +3) [demonic ancestry]
  4200 | D:4      | Reached XP level 8. HP: 24/56 MP: 6/12
  4422 | D:4      | Found a deep blue altar of Sif Muna.
  4592 | D:5      | Entered Level 5 of the Dungeon
  5466 | D:6      | Gained mutation: You are mostly covered in sharp spines. [demonic ancestry]
  5466 | D:6      | Reached XP level 9. HP: 61/61 MP: 14/14
  5537 | D:6      | Noticed westexas's ghost (novice MiHu)
  5547 | D:6      | Reached ** piety under Makhleb
  5559 | D:6      | Killed westexas's ghost
  5559 | D:6      | Reached skill level 5 in Hexes
  5598 | D:6      | Found a sparkling altar of Nemelex Xobeh.
  5727 | D:6      | Learned a level 2 spell: Repel Missiles
  5858 | D:6      | Found an ancient bone altar of Kikubaaqudgha.
  6146 | D:7      | Found a shattered altar of Ashenzari.
  6175 | D:7      | Noticed Prince Ribbit
  6199 | D:7      | Killed Prince Ribbit
  6566 | D:8      | Got a steaming mace
  6773 | D:8      | Noticed WeeknightWizard's ghost (novice MiBe)
  6832 | D:8      | Learned a level 1 spell: Magic Dart
  7004 | D:8      | Found Pucha's Distillery.
  7012 | D:8      | Reached *** piety under Makhleb
  7121 | D:8      | Bought a potion of resistance for 110 gold pieces
  7121 | D:8      | Bought a potion of might for 44 gold pieces
  7121 | D:8      | Bought a potion of magic for 88 gold pieces
  7121 | D:8      | Bought 2 potions of lignification for 66 gold pieces
  7121 | D:8      | Bought a potion of brilliance for 44 gold pieces
  7386 | D:8      | Found a blossoming altar of Fedhas.
  7433 | D:8      | Gained mutation: You are completely covered in icy blue scales. (AC +4, rC+) [demonic ancestry]
  7433 | D:8      | Reached XP level 10. HP: 47/67 MP: 6/16
  7437 | D:8      | Found a staircase to the Lair.
  7487 | D:8      | HP: 1/100 [WeeknightWizard's ghost (7)]
  7489 | D:8      | Killed WeeknightWizard's ghost
  8120 | D:7      | Reached skill level 5 in Spellcasting
  8651 | D:9      | Found a staircase to the Orcish Mines.
  8771 | D:9      | Reached skill level 1 in Axes
  8867 | D:9      | Reached **** piety under Makhleb
  9077 | D:9      | Noticed Maurice
  9123 | D:8      | Identified the +8 mace "Hecy" {crush, Str+7} (You found it on level 8 of the Dungeon)
  9304 | Temple   | Learned a level 1 spell: Apportation
  9308 | Temple   | Learned a level 3 spell: Conjure Flame
  9549 | Lair:1   | Entered Level 1 of the Lair of Beasts
  9559 | D:8      | Reached skill level 1 in Maces & Flails
  9573 | D:8      | Reached skill level 2 in Maces & Flails
  9576 | D:8      | Reached skill level 3 in Maces & Flails
  9786 | Lair:1   | Reached skill level 4 in Maces & Flails
  9813 | Lair:1   | Noticed a spiny frog
  9929 | Lair:1   | Killed a spiny frog
  9929 | Lair:1   | Reached skill level 5 in Conjurations
  9969 | Lair:1   | Noticed a spiny frog
  9978 | Lair:1   | Killed a spiny frog
 10068 | Lair:1   | Reached skill level 5 in Maces & Flails
 10081 | Lair:1   | Gained mutation: You have sharp fingernails. [demonic ancestry]
 10081 | Lair:1   | Reached XP level 11. HP: 70/72 MP: 19/19
 10214 | Lair:1   | Reached skill level 6 in Maces & Flails
 10286 | Lair:1   | Found a snail-covered altar of Cheibriados.
 10583 | Lair:2   | Identified 3 scrolls of acquirement
 10603 | Lair:2   | Got a fine amber ring
 10605 | Lair:2   | Identified the ring "Tywib" {Slay+6 Stlth+} (You acquired it on level 2 of the Lair of Beasts)
 10720 | Lair:2   | Got a smoking buckler
 10726 | Lair:2   | Identified the +0 buckler "Zuegaah" {rPois rF+} (You acquired it on level 2 of the Lair of Beasts)
 10796 | Lair:2   | Reached skill level 7 in Maces & Flails
 11102 | Lair:2   | Reached skill level 1 in Shields
 11161 | Lair:2   | Reached skill level 1 in Fire Magic
 11664 | Lair:3   | Reached skill level 8 in Maces & Flails
 12438 | Lair:3   | Found a staircase to the Swamp.
 12452 | Lair:3   | Reached ***** piety under Makhleb
 12854 | Lair:4   | Found a staircase to the Snake Pit.
 12864 | Lair:4   | Reached skill level 9 in Maces & Flails
 13107 | Lair:4   | Reached XP level 12. HP: 63/78 MP: 9/20
 13390 | Lair:4   | Noticed a seven-headed hydra
 13719 | D:9      | Reached skill level 10 in Maces & Flails
 13898 | D:10     | Entered Level 10 of the Dungeon
 14439 | D:9      | Killed Maurice
 14699 | D:10     | Found Laufyor's Antique Armour Emporium.
 15220 | D:11     | Reached skill level 11 in Maces & Flails
 15507 | D:11     | Found Nuxeqoomm's Elemental Accessories.
 16252 | D:12     | Reached skill level 12 in Maces & Flails
 16629 | D:12     | Reached skill level 5 in Shields
 16741 | D:13     | Gained mutation: You are agile. (Dex +2) [potion of mutation]
 16741 | D:13     | Gained mutation: You are robust. (+10% HP) [potion of mutation]
 16741 | D:13     | Gained mutation: You are somewhat resistant to further mutation. [potion of mutation]
 17129 | D:13     | Noticed Frances
 17251 | D:13     | Gained mutation: When hurt, damage is shared between your health and your magic reserves. [demonic ancestry]
 17251 | D:13     | Reached XP level 13. HP: 83/91 MP: 17/21
 17337 | D:13     | Killed Frances
 17337 | D:13     | Reached ****** piety under Makhleb
 17337 | D:13     | Reached skill level 13 in Maces & Flails
 17596 | D:13     | Found a sparkling altar of Nemelex Xobeh.
 18351 | Orc:1    | Entered Level 1 of the Orcish Mines
 18351 | Orc:1    | Noticed Snorg
 18480 | D:9      | Killed Snorg
 18655 | D:8      | Bought a potion of berserk rage for 55 gold pieces
 19139 | Orc:2    | Entered Level 2 of the Orcish Mines
 19509 | Orc:2    | Reached skill level 14 in Maces & Flails
 19580 | Orc:2    | Reached skill level 5 in Fire Magic
 19858 | Orc:2    | Found Tiusevun's Antique Weapon Emporium.
 19892 | Orc:2    | Found Isonob's Antique Armour Boutique.
 19919 | Orc:2    | Found Veurak's Book Shoppe.
 19924 | Orc:2    | Found Niommoj's Armour Emporium.
 20157 | Orc:2    | Found a staircase to the Elven Halls.
 20474 | Orc:2    | Bought the Reference Book on Conjuration and Flames for 612 gold pieces
 20666 | Lair:4   | Reached XP level 14. HP: 99/99 MP: 16/22
 20703 | Lair:4   | Learned a level 5 spell: Fireball
 21371 | Lair:1   | Upgraded the game from 0.19-a0-1907-gcff654f to 0.19-a0-1920-g83281cb
 22821 | Lair:5   | Got a ring of the Octopus King
 22823 | Lair:5   | Identified a ring of the Octopus King {MP+9 AC+1 EV+1 Str+1 Int+1 Dex+1} (You found it on level 5 of the Lair of Beasts)
 22858 | Lair:6   | Entered Level 6 of the Lair of Beasts
 22970 | Lair:6   | Reached skill level 5 in Axes
 23174 | Lair:6   | Paralysed by a hornet for 3 turns
 23669 | Lair:6   | Found a viscous altar of Jiyva.
 23670 | Lair:6   | Found a staircase to the Slime Pits.
 23918 | Lair:6   | Found a runed door.
 24146 | Lair:6   | Paralysed by a hornet for 2 turns
 24872 | Lair:6   | Reached skill level 10 in Axes
 24896 | Lair:6   | Gained mutation: You regenerate magic rapidly. [demonic ancestry]
 24896 | Lair:6   | Reached XP level 15. HP: 104/104 MP: 23/23
 25629 | D:14     | Found a labyrinth entrance.
 25693 | Lab      | Entered a labyrinth
 25918 | Lab      | Got a crude amber ring
 25920 | Lab      | Identified the ring of Otetunt {rF+ MR+} (You found it in a labyrinth)
 27055 | Lab      | Got a distressingly furry robe
 27066 | Lab      | Identified the +0 robe "Tutukhim" {+Fly Int+5} (You found it in a labyrinth)
 27890 | D:14     | Found a gate to the Vaults.
 28434 | D:14     | Identified Ucef's Handbook of Excruciating Calling
 29237 | Elf:1    | Entered Level 1 of the Elven Halls
 29250 | Orc:2    | Reached skill level 1 in Invocations
 29478 | Snake:1  | Entered Level 1 of the Snake Pit
 30187 | Snake:1  | Reached skill level 5 in Fighting
 31182 | Snake:1  | Noticed a nagaraja
 31194 | Snake:1  | Killed a nagaraja
 31296 | Snake:1  | Reached skill level 5 in Armour
 31306 | Snake:1  | Gained mutation: You have very sharp fingernails. [demonic ancestry]
 31306 | Snake:1  | Reached XP level 16. HP: 122/122 MP: 23/26
 31760 | Snake:2  | Noticed Louise
 31770 | Snake:2  | Killed Louise
 31770 | Snake:2  | Reached skill level 5 in Dodging
 32281 | Snake:2  | Reached skill level 1 in Throwing
 32380 | Lair:1   | Learned a level 3 spell: Static Discharge
 32825 | Snake:3  | Found Huasox's Weapon Shoppe.
 33095 | Snake:3  | Reached skill level 5 in Air Magic
 33828 | Snake:4  | Entered Level 4 of the Snake Pit
 34047 | Snake:4  | Noticed Vashnia
 34512 | Snake:4  | Noticed Asterion
 34786 | Snake:4  | Killed Vashnia
 34786 | Snake:4  | Reached skill level 1 in Evocations
 34786 | Snake:4  | Reached XP level 17. HP: 100/128 MP: 21/28
 35361 | Snake:4  | Found Tubu's Antique Armour Shoppe.
 35362 | Snake:4  | Found Fitzecw's Assorted Antiques.
 35393 | Snake:4  | Bought a heavily runed cloak for 313 gold pieces
 35403 | Snake:4  | Identified the +0 cloak "Baihytash" {Dex+3} (You bought it in a shop on level 4 of the Snake Pit)
 36070 | Snake:4  | Slain by a salamander

Vault maps used:
D:1:      dpeg_arrival_simpleton_a
D:2:      st_stairs_7
D:3:      grunt_temple_overflow_champion_of_chaos, grunt_qazlal_clouds,
          lemuel_crystal_altar, fedhas_altar_2, uniq_natasha, uniq_grinder
D:4:      black_bear_nest_2, old_standard_altar, kennysheep_little_box,
          first_bread, uniq_duvessa, uniq_pikel
D:5:      minmay_misc_feat_square
D:6:      nemelex_xobeh_ov_fountains_minmay, lemuel_round_altar
D:7:      nicolae_ashenzari_panopticon, uniq_prince_ribbit1
D:8:      old_standard_altar, minmay_lair_entry_lava, serial_shops,
          nicolae_shop_statue_plus
D:9:      orc_0_dummy, kennysheep_cross_room, hangedman_fish_farm, uniq_maurice
D:10:     serial_shops, shop
D:11:     nicolae_elemental_shop
D:13:     nemelex_diamond_rough_becter, uniq_frances
D:14:     david_vaults_5, serial_glass, glass_columns_a, glass_columns_a,
          feat_on_display, lab_entry_generic, minmay_hollow_rounded_squares
Temple:   minmay_temple_curvy_loop
Lair:1:   basic_altar, infiniplex_staircase_pool
Lair:2:   lemuel_fruit_fields
Lair:3:   minmay_swamp_entry_wisps, serial_bayou_lake_a
Lair:4:   minmay_snake_entry_guardpost_small, lemuel_fruit_fields,
          lemuel_fruit_tree, lemuel_fruit_fields
Lair:5:   minmay_lair_oklob_items, bh_autumn_forest_stairs
Lair:6:   hangedman_lair_tendril_chambers, wormcave, slime_altar_1
Snake:1:  grunt_ministairs_10, eino_curves_03
Snake:2:  uniq_louise
Snake:3:  serial_shops, nicolae_shop_statue_plus
Snake:4:  johnstein_snake_rune_scales, minmay_shoptagon, uniq_vashnia,
          uniq_asterion
Orc:1:    uniq_snorg
Orc:2:    st_orc_open
Elf:1:    minmay_elf_arrival_plus, basic_altar, hangedman_elf_disciples,
          st_stairs_4, grunt_ministairs_4
Lab:      labyrinth_skeletal_remains, nicolae_lab_lava, nicolae_lab_big_swirl,
          lab_block

Skill      XL: |  1  2  3  4  5  6  7  8  9 10 11 12 13 14 15 16 17 |
---------------+----------------------------------------------------+-----
Long Blades    | 2 |  2.0
Armour         | 1 2 3 5 7 |  7.0
Dodging        | 1 3 4 6 |  6.0
Short Blades   | 1 2 3 4 6 8 |  8.9
Translocations | 1 |  1.3
Charms         | 3 |  3.7
Hexes          | 1 4 5 |  5.0
Spellcasting   | 3 4 5 6 7 8 |  8.3
Poison Magic   | 1 2 3 4 |  4.3
Conjurations   | 1 2 3 5 6 7 8 |  8.8
Air Magic      | 2 3 4 6 7 |  7.3
Axes           | 1 10 11 | 11.6
Maces & Flails | 5 9 12 14 | 14.0
Shields        | 3 5 6 8 |  8.0
Fire Magic     | 2 6 7 8 |  8.8
Fighting       | 6 |  6.0
Invocations    | 4 |  4.0
Throwing       | 3 |  3.0
Evocations     | 1 4 |  4.5

Action                   |  1- 3 |  4- 6 |  7- 9 | 10-12 | 13-15 | 16-18 || total
-------------------------+-------+-------+-------+-------+-------+-------++-------
Melee: Dagger            |    62 |   147 |   537 |   216 |       |       ||   962
       Falchion          |     4 |       |       |       |       |       ||     4
       Mace              |       |       |       |   494 |   499 |       ||   993
       War axe           |       |       |       |       |   601 |   564 ||  1165
       Scimitar          |       |       |       |       |     4 |       ||     4
Throw: Stone             |    22 |    29 |    54 |    32 |    22 |       ||   159
       Javelin           |       |       |       |    16 |    35 |    13 ||    64
       Tomahawk          |       |       |       |       |    17 |     4 ||    21
 Cast: Song of Slaying   |     1 |     2 |     7 |     5 |       |       ||    15
       Infusion          |     1 |     1 |       |       |       |       ||     2
       Shroud of Golubri |       |     1 |     7 |     3 |       |       ||    11
       Spectral Weapon   |       |     2 |    10 |     4 |     9 |    10 ||    35
       Slow              |       |     1 |     5 |     2 |     4 |       ||    12
       Mephitic Cloud    |       |       |     1 |     2 |     7 |       ||    10
       Repel Missiles    |       |       |     1 |       |     2 |     9 ||    12
       Magic Dart        |       |       |       |    10 |       |       ||    10
Evoke: Wand              |       |       |     2 |       |     2 |       ||     4
  Use: Scroll            |       |     6 |    11 |    16 |    13 |     3 ||    49
       Potion            |       |       |     5 |     4 |     4 |    12 ||    25
 Stab: Sleeping          |     1 |       |       |     2 |     5 |     1 ||     9
       Distracted        |       |       |     4 |     1 |     1 |     3 ||     9
       Confused          |       |       |       |     1 |     4 |       ||     5
  Eat: Bread ration      |     1 |     1 |     2 |     4 |     5 |     1 ||    14
       Beef jerky        |     1 |       |     2 |     1 |     1 |     1 ||     6
       Fruit             |       |     2 |     2 |     8 |    15 |       ||    27
       Royal jelly       |       |       |     2 |     1 |       |       ||     3
       Meat ration       |       |       |     2 |       |     3 |     3 ||     8
       Pizza             |       |       |       |     3 |       |       ||     3
       Chunk             |       |       |       |       |       |     2 ||     2
Armor: Leather armour    |    16 |    21 |    45 |       |       |       ||    82
       Ring mail         |       |       |    81 |   262 |   343 |   187 ||   873
       Skin              |       |       |    23 |     2 |     6 |       ||    31
Dodge: Dodged            |    19 |    54 |   163 |   266 |   414 |   236 ||  1152
       Deflected         |       |       |     9 |     5 |     6 |    31 ||    51
Block: Buckler           |       |       |       |    48 |   309 |   296 ||   653
       Reflection        |       |       |       |       |    21 |    55 ||    76
       Rpst.: Falchion   |     1 |       |       |       |       |       ||     1
